 Dungeon Crawl Stone Soup version 0.28-a0-861-ge64d6db94f (webtiles) character file.

Game seed: 849875406611763008

257 flotson the Sneak (level 5, 0/42 HPs)
             Began as a Demonspawn Delver on Nov 15, 2021.
             Succumbed to a scorpion's poison
             ... on level 3 of the Dungeon on Nov 16, 2021.
             The game lasted 00:12:01 (2568 turns).

flotson the Sneak (Demonspawn Delver)               Turns: 2568, Time: 00:12:02

Health: 0/42       AC:  6    Str: 13    XL:     5   Next: 93%
Magic:  5/5        EV: 12    Int: 12    God:
Gold:   6          SH:  0    Dex: 14    Spells: 4/4 levels left

rFire   . . .      SeeInvis .   a - +1 hand axe
rCold   . . .      Faith    .   (no shield)
rNeg    . . .      Spirit   .   h - +1 leather armour
rPois   .          Reflect  .   (no helmet)
rElec   .          Harm     .   (no cloak)
rCorr   .          Rampage  .   (no gloves)
Will    .....                   (no boots)
Stlth   ++........              (no amulet)
HPRegen 0.14/turn               (no ring)
MPRegen 0.18/turn               (no ring)

@: lethally poisoned (0 -> -1)
A: slimy green scales 1, demonic guardian 1, magic regeneration
a: no special abilities


You were on level 3 of the Dungeon.
You visited 1 branch of the dungeon, and saw 3 of its levels.
You also visited: Ossuary.

You collected 6 gold pieces.

Inventory:

Hand Weapons
 a - a +1 hand axe (weapon)
 b - a +0 hunting sling
Missiles
 k - 4 sling bullets
Armour
 h - a +1 leather armour (worn)
Wands
 g - a wand of digging (3)
Scrolls
 c - a scroll of fog
 e - a scroll of fear
 f - a scroll of holy word {unknown}
 n - 2 scrolls of silence
Potions
 d - a potion of ambrosia {unknown}
 i - a potion of might
 j - a potion of brilliance {unknown}


   Skills:
 + Level 4.0 Fighting
 + Level 2.9 Axes
 + Level 0.0 Slings
 + Level 2.1 Armour
 + Level 2.9 Dodging
 - Level 4.5 Stealth
 + Level 2.3 Evocations


You had 4 spell levels left.
You didn't know any spells.
Your spell library contained the following spells:

 Spells                   Type           Power      Damage    Failure   Level
 Blink                    Tloc           0%         N/A       54%         2
 Lesser Beckoning         Tloc           0%         N/A       77%         3
 Manifold Assault         Tloc           0%         N/A       100%        5


Dungeon Overview and Level Annotations

Branches:
Dungeon (5/15)            Ossuary (visited)
 Temple: D:4-7

Altars:


Innate Abilities, Weirdness & Mutations

You are partially covered in slimy green scales. (AC +2)
A weak demonic guardian rushes to your aid.
You regenerate magic rapidly.


Message History

The scorpion is almost dead.
The scorpion stings you.
You shoot a sling bullet.
The sling bullet closely misses the scorpion.
The scorpion barely misses you.
The scorpion stings you but does no damage.
You shoot a sling bullet.
The sling bullet closely misses the scorpion.
The scorpion misses you.
You shoot a sling bullet.
The sling bullet hits the scorpion but does no damage.
The scorpion is almost dead.
The scorpion misses you. The scorpion stings you.
You are poisoned.
The scorpion poisons you!
a - a +1 hand axe (weapon)
You feel sick.
You hit the scorpion but do no damage.
The scorpion is almost dead.
You feel sick.
The scorpion stings you but does no damage.
The scorpion closely misses you.
You hit the scorpion but do no damage.
The scorpion is almost dead.
You feel sick.
The scorpion stings you but does no damage.
You hit the scorpion but do no damage.
The scorpion is severely wounded.
You feel sick. The scorpion stings you!
* * * LOW HITPOINT WARNING * * *
The scorpion stings you.
* * * LOW HITPOINT WARNING * * *
You hit the scorpion but do no damage.
The scorpion is severely wounded.
You feel sick. The scorpion stings you!
* * * LOW HITPOINT WARNING * * *
A demonic guardian appears!
You barely miss the scorpion.
The scorpion is severely wounded.
You die...

###### #....#
#(##.#
#############.##.#
.........(....##.#
......##.#######.#
......##.......#@#
......##.....#.#s#
.......#.....# #5#
###..†.#.....# #.#
#....#.....# #(#
####.#.....# #(#
#†#.....# #.#
#.#.##### #(#
######.#.


You could see a scorpion (ally target) and a friendly ufetubus (summoned).

Vanquished Creatures
  A bullfrog skeleton (D:5)
  An orc wizard (D:3)
  13 mummies (Ossuary)
  2 adders (D:3)
  A dart slug (D:3)
  2 orcs (D:3)
  A bat (D:3)
  A hobgoblin (D:3)
  2 jackals (D:3)
  A frilled lizard (D:3)
  A gnoll skeleton (Ossuary)
  2 goblin skeletons (Ossuary)
  3 kobold skeletons (Ossuary)
  2 orc skeletons (Ossuary)
  11 rat skeletons (Ossuary)
44 creatures vanquished.

Vanquished Creatures (others)
  A plant (D:3)
1 creature vanquished.

Grand Total: 45 creatures vanquished

Notes
Turn   | Place    | Note
-------+----------+-------------------------------------------
     0 | D:5      | flotson the Demonspawn Delver began the quest for the Orb.
     0 | D:5      | Reached XP level 1. HP: 18/18 MP: 1/1
    48 | D:5      | Reached skill level 1 in Evocations
    48 | D:5      | Gained mutation: You are partially covered in slimy green
                  | scales. (AC +2) [demonic ancestry]
    48 | D:5      | Reached XP level 2. HP: 20/24 MP: 2/2
    48 | D:5      | Gained mutation: You regenerate magic rapidly. [demonic
                  | ancestry]
    48 | D:5      | Reached XP level 3. HP: 25/29 MP: 3/3
   181 | D:4      | Found a sand-covered staircase.
   187 | Ossuary  | Entered an ossuary
   237 | Ossuary  | Reached skill level 1 in Armour
   482 | Ossuary  | Reached XP level 4. HP: 35/35 MP: 4/4
  1350 | Ossuary  | Gained mutation: A weak demonic guardian rushes to your
                  | aid. [demonic ancestry]
  1350 | Ossuary  | Reached XP level 5. HP: 42/42 MP: 5/5
  2567 | D:3      | HP: 1/42 [scorpion (8)]
  2568 | D:3      | Succumbed to a scorpion's poison

Illustrated notes

Levels and vault maps discovered:
D:3:      layout_basic, hellmonk_ghost_happy_afterlife, serial_bayou_pond_a
D:4:      layout_loops_ring, minitemple, mainiacjoe_overflow_big_doors,
          nicolae_ossuary_entry_false_entrances
D:5:      layout_basic, pf_just_have_faith,
          nicolae_dithmenos_through_a_glass_darkly, minmay_temple_entry_poolview

Skill      XL: |  1  2  3  4  5 |
---------------+----------------+-----
Axes           | 2 |  2.9
Dodging        | 2 |  2.9
Evocations     | 1 2 |  2.3
Armour         | 1 2 |  2.1
Fighting       | 4 |  4.0
Stealth        | |  4.5

Action                   |  1- 3 |  4- 6 || total
-------------------------+-------+-------++-------
Melee: Hand axe          |    26 |   162 ||   188
 Fire: Hunting sling     |       |    22 ||    22
Evoke: Wand              |     6 |     4 ||    10
  Use: Potion            |     1 |     3 ||     4
       Scroll            |     1 |     9 ||    10
 Stab: Sleeping          |       |     4 ||     4
Armor: Leather armour    |     6 |    51 ||    57
Dodge: Dodged            |     8 |    67 ||    75

Table legend: (Time is in decaauts)
 A = Elapsed time spent in this place.
 B = Non-inter-level travel time spent in this place.
 C = Inter-level travel time spent in this place.
 D = Time resting spent in this place.
 E = Time spent auto-exploring this place.
 F = Levels seen in this place.
 G = Mean time per level.
                   A        B        C        D        E       F      G
               +--------+--------+--------+--------+--------+-----+--------+
         Total |   2583 |   2583 |      0 |    815 |   1042 |   4 |  645.8 |
       Dungeon |    540 |    540 |      0 |      0 |    313 |   3 |  180.0 |
       Ossuary |   2043 |   2043 |      0 |    815 |    729 |   1 | 2043.0 |
               +--------+--------+--------+--------+--------+-----+--------+

Top non-repeatable levels by time:
 Ossuary: 2043 daAuts
     D:3: 359 daAuts
     D:4: 133 daAuts
     D:5: 47 daAuts
